 Dungeon Crawl Stone Soup version 0.30-a0-1043-g60ff8d5f49 (webtiles) character file.

Game seed: 369886725331672440

14 Pimp the Digger (level 2, 0/15 HPs)
             Began as a Gargoyle Earth Elementalist on Apr 10, 2023.
             Slain by a goblin
             ... wielding a +0 dagger
              (1 damage)
             ... on level 1 of the Dungeon.
             The game lasted 00:01:01 (373 turns).

Pimp the Digger (Gargoyle Earth Elementalist)        Turns: 373, Time: 00:01:02

Health: 0/15       AC:  8    Str: 11    XL:     2   Next: 41%
Magic:  5/5        EV: 12    Int: 15    God:
Gold:   8          SH:  0    Dex: 10    Spells: 4/5 levels left

rFire   . . .      SeeInvis .    d - +0 mace
rCold   . . .      Faith    .    (no shield)
rNeg    + . .      Spirit   .    a - +0 robe
rPois   ∞          Reflect  .    (no helmet)
rElec   +          Rampage  .    (no cloak)
rCorr   .                        (no gloves)
Will    .....                    (no boots)
Stlth   ++                       (no amulet)
HPRegen 0.22/turn                c - +4 ring of protection
MPRegen 0.09/turn                (no ring)

@: no status effects
A: sickness immunity, AC +2, negative energy resistance 1, electricity
resistance, torment resistance 1, petrification resistance
a: no special abilities


You were on level 1 of the Dungeon.
You visited 1 branch of the dungeon, and saw 1 of its levels.

You collected 8 gold pieces.

Inventory:

Hand Weapons
 d - a +0 mace (weapon)
Armour
 a - a +0 robe (worn)
Jewellery
 c - a +4 ring of protection (left hand)
Potions
 b - a potion of magic
 e - a potion of curing {unknown}


   Skills:
 + Level 1.7 Dodging
 + Level 2.4 Stealth
 + Level 2.1 Spellcasting
 + Level 1.0 Transmutations
 + Level 3.8 Earth Magic


You had 4 spell levels left.
You knew the following spells:

 Your Spells              Type           Power      Damage    Failure   Level
a - Sandblast             Erth           26%        2d8       4%          1

Your spell library contained the following spells:

 Spells                   Type           Power      Damage    Failure   Level
 Passwall                 Tmut/Erth      7%         N/A       12%         2
 Stone Arrow              Conj/Erth      14%        3d7       30%         3
 Volatile Blastmotes      Fire/Tloc      2%         2d10      54%         3
 Petrify                  Tmut/Erth      9%         N/A       61%         4
 Fulminant Prism          Conj/Hex       0%         3d5       91%         4
 Iskenderun's Mystic Bla  Conj/Tloc      1%         2d3       91%         4
 Lee's Rapid Deconstruct  Erth           6%         3d6*      77%         5


Dungeon Overview and Level Annotations

Branches:
Dungeon (1/15)

Altars:


Innate Abilities, Weirdness & Mutations

You are immune to sickness and miasma.
Your stone body is resilient. (AC +2)
You are immune to poison.
You resist negative energy. (rN+)
You are resistant to electric shocks. (rElec)
You are resistant to unholy torment.
You are immune to petrification.


Message History

You closely miss the goblin. The goblin barely misses you.
You barely miss the goblin. The goblin barely misses you.
The goblin hits you but does no damage.
You barely miss the goblin. The goblin closely misses you.
You sock the goblin!
You kill the goblin!
The goblin shouts!
The frilled lizard hisses angrily.
A quokka comes into view.
A kobold comes into view. It is wielding a +0 dagger.
The frilled lizard hisses angrily.
The kobold shouts!
Found a spear.
The frilled lizard misses you.
You see here a +0 club.
You closely miss the frilled lizard. The goblin hits you with a +0 dagger.
You miss the quokka. You punch the quokka, but do no damage.
The quokka closely misses you. The frilled lizard closely misses you.
The goblin misses you. The quokka bites you.
You miss the frilled lizard.
The frilled lizard bites you but does no damage.
The goblin hits you with a +0 dagger.
The quokka twitches its whiskers.
The quokka bites you but does no damage.
The frilled lizard misses you. The goblin hits you but does no damage.
You barely miss the frilled lizard. The quokka closely misses you.
The goblin hits you but does no damage. The frilled lizard bites you.
The quokka bites you but does no damage.
You miss the frilled lizard. The quokka bites you.
The goblin hits you but does no damage. The frilled lizard bites you.
* * * LOW HITPOINT WARNING * * *
The quokka barely misses you. The goblin barely misses you.
The frilled lizard bites you but does no damage.
You miss the frilled lizard. The quokka closely misses you.
The frilled lizard barely misses you. The goblin closely misses you.
The quokka attacks as you move away! The quokka barely misses you.
The frilled lizard bites you.
* * * LOW HITPOINT WARNING * * *
The goblin hits you but does no damage. The quokka bites you.
* * * LOW HITPOINT WARNING * * *
A dart slug comes into view.
The goblin attacks as you move away! The goblin hits you with a +0 dagger.
You die...

## .. #. ##
###.######.#
w..........
#......#.# #.###.@#
#.#.# ....
#....gl###.#.# ##...
##....rl...#.# #...#
#)###K###...# #...#
# ?$.) #..## #...#
##...##.### #...#
.....#...####...###
#######.#...........
.................(


You could see a dart slug, a quokka, a goblin, a kobold and 2 frilled lizards.

Vanquished Creatures
  A dart slug (D:1)
  A ball python (D:1)
  3 endoplasms (D:1)
  A giant cockroach (D:1)
  2 goblins (D:1)
  A kobold (D:1)
  A rat (D:1)
10 creatures vanquished.

Notes
Turn   | Place    | Note
-------+----------+-------------------------------------------
     0 | D:1      | Pimp the Gargoyle Earth Elementalist began the quest for
                  | the Orb.
     0 | D:1      | Reached XP level 1. HP: 10/10 MP: 3/3
   242 | D:1      | Found a faded altar of an unknown god.
   250 | D:1      | Reached skill level 1 in Transmutations
   250 | D:1      | Reached XP level 2. HP: 15/15 MP: 5/5
   373 | D:1      | Slain by a goblin

Illustrated notes

Levels and vault maps discovered:
D:1:      psy_arrival_fountain, layout_loops_cross,
          ebering_ecumenical_altar_ruins, serial_shops, shop,
          minmay_split_cup_large

Skill      XL: |  1 |
---------------+----+-----
Transmutations | 1 |  1.0
Dodging        | |  1.7
Stealth        | |  2.4
Spellcasting   | |  2.1
Earth Magic    | |  3.8

Action                     || total
---------------------------++-------
  Melee: Mace              ||    25
         Unarmed           ||     5
         Punch             ||     1
   Cast: Sandblast         ||     7
   Stab: Sleeping          ||     3
 Armour: Robe              ||    16
  Dodge: Dodged            ||    31

Table legend: (Time is in decaauts)
 A = Elapsed time spent in this place.
 B = Non-inter-level travel time spent in this place.
 C = Inter-level travel time spent in this place.
 D = Time resting spent in this place.
 E = Time spent auto-exploring this place.
 F = Levels seen in this place.
 G = Mean time per level.
                   A        B        C        D        E       F      G
               +--------+--------+--------+--------+--------+-----+--------+
         Total |    385 |    369 |     16 |     45 |    205 |   1 |  385.0 |
       Dungeon |    385 |    369 |     16 |     45 |    205 |   1 |  385.0 |
               +--------+--------+--------+--------+--------+-----+--------+

Top non-repeatable levels by time:
     D:1: 385 daAuts
